 Dungeon Crawl Stone Soup version 0.29-a0-542-g075992c915 (webtiles) character file.

Game seed: 15238948902103575745

5 oldriver the Sneak (level 1, -4/19 HPs)
             Began as a Palentonga Delver on June 4, 2022.
             Killed from afar by a white imp (8 damage)
             ... with a puff of frost
             ... on level 5 of the Dungeon.
             The game lasted 00:00:11 (203 turns).

oldriver the Sneak (Palentonga Delver)               Turns: 203, Time: 00:00:12

Health: -4/19      AC:  4    Str: 15    XL:     1   Next: 66%
Magic:  1/1        EV:  9    Int: 10    God:
Gold:   0          SH:  0    Dex: 11    Spells: 0/0 levels left

rFire   . . .      SeeInvis +   a - +0 hand axe
rCold   . . .      Faith    .   (no shield)
rNeg    . . .      Spirit   .   b - +0 leather armour
rPois   .          Reflect  .   (no helmet)
rElec   .          Harm     .   (no cloak)
rCorr   .          Rampage  .   (no gloves)
Will    .....                   (no barding)
Stlth   ++........              (no amulet)
HPRegen 0.06/turn               (no ring)
MPRegen 0.07/turn               (no ring)

@: no status effects
A: large, rugged brown scales 3, see invisible, deformed body, roll 1, armoured
tail
a: Rolling Charge


You were on level 5 of the Dungeon.
You visited 1 branch of the dungeon, and saw 1 of its levels.

Inventory:

Hand Weapons
 a - a +0 hand axe (weapon)
Armour
 b - a +0 leather armour (worn)
Wands
 g - a wand of digging (3)
 h - a wand of polymorph (7)
Scrolls
 c - a scroll of fog
 d - a scroll of magic mapping
 e - a scroll of fear
 i - a scroll of identify {unknown}
Potions
 f - a potion of haste


   Skills:
 + Level 3.1 Fighting
 * Level 2.3 Axes
 - Level 1.5 Dodging
 - Level 3.3 Stealth


You couldn't memorise any spells.
You didn't know any spells.
Your spell library was empty.

Dungeon Overview and Level Annotations

Branches:
Dungeon (5/15)
 Temple: D:4-7

Altars:


Innate Abilities, Weirdness & Mutations

You are completely covered in rugged brown scales. (AC +3, +7% HP)
You have supernaturally acute eyesight. (SInv)
Armour fits poorly on your strangely shaped body.
You can roll at nearby foes to attack.
You have a long armoured tail.


Message History

A jackal is nearby!
A jackal is nearby!
Found a stone staircase leading up.
You roll forward with a clatter of scales!
The jackal barks!
You barely miss the jackal. You tail-slap the jackal.
You kill the jackal!
You hear a bark! x3; You hear an angry hiss.
You hear a shout!
No target in view!
No target in view!
A jackal comes into view.
A jackal is nearby!
A jackal is nearby!
A jackal is nearby!
A white imp comes into view.
The jackal bites you. There's nothing you can charge at!
You closely miss the jackal.
You tail-slap the jackal, but do no damage.
The jackal bites you.
An adder comes into view.
The jackal bites you.
You completely miss the jackal.
The jackal bites you but does no damage.
You barely miss the jackal.
The jackal bites you but does no damage.
The jackal closely misses you.
You slash the jackal!
You kill the jackal!
The white imp gestures at you. The puff of frost hits you!
Ouch! That really hurt!
* * * LOW HITPOINT WARNING * * *
You are too injured to fight recklessly!
You are too injured to fight recklessly!
Unknown command.
You are too injured to fight recklessly!
The white imp gestures at you. The puff of frost hits you!
You die...

#........#
#+#
#.#.###..##
#.##.###..#
## #..##..+
##....##
#.#### #
######.##.#
#
#.<......#
#
#.####@###
#...+ #.###
#5# .S. #.#
#.# #.# #.#


You could see an adder and a white imp.

Vanquished Creatures
  A dart slug (D:5)
  2 jackals (D:5)
3 creatures vanquished.

Notes
Turn   | Place    | Note
-------+----------+-------------------------------------------
     0 | D:5      | oldriver the Palentonga Delver began the quest for the Orb.
     0 | D:5      | Reached XP level 1. HP: 19/19 MP: 1/1
   203 | D:5      | Killed from afar by a white imp

Illustrated notes

Levels and vault maps discovered:
D:5:      nicolae_cairo_tiling_very_big, layout_loops_ring, marbit_many_paths

Action                   || total
-------------------------++-------
Melee: Hand axe          ||     9
       Tailslap          ||     4
 Abil: Rolling Charge    ||     1
Armor: Leather armour    ||     3
Dodge: Dodged            ||     2

Table legend: (Time is in decaauts)
 A = Elapsed time spent in this place.
 B = Non-inter-level travel time spent in this place.
 C = Inter-level travel time spent in this place.
 D = Time resting spent in this place.
 E = Time spent auto-exploring this place.
 F = Levels seen in this place.
 G = Mean time per level.
                   A        B        C        D        E       F      G
               +--------+--------+--------+--------+--------+-----+--------+
         Total |    204 |    204 |      0 |      0 |    179 |   1 |  204.0 |
       Dungeon |    204 |    204 |      0 |      0 |    179 |   1 |  204.0 |
               +--------+--------+--------+--------+--------+-----+--------+

Top non-repeatable levels by time:
     D:5: 204 daAuts
